 Dungeon Crawl Stone Soup version 0.31-a0-1589-g8f5e8aebd6 (webtiles) character file.

Game seed: 9602246325546763714

2342 SmokeWeed the Cutter (level 9, -5/66 HPs)
             Began as a Demonspawn Gladiator on Jan 5, 2024.
             Killed from afar by an electric eel (10 damage)
             ... with a bolt of electricity
             ... on level 6 of the Dungeon.
             The game lasted 00:18:58 (6310 turns).

SmokeWeed the Cutter (Demonspawn Gladiator)         Turns: 6310, Time: 00:18:58

Health: -5/66      AC: 12    Str: 21    XL:     9   Next: 20%
Magic:  9/9        EV: 10    Int:  9    God:
Gold:   247        SH: 11    Dex: 18    Spells: 8/8 levels left

rFire   . . .        a - +1 rapier
rCold   . . .        i - +0 buckler
rNeg    . . .        A - +0 chain mail
rPois   .            c - +0 helmet
rElec   .            E - +0 cloak
rCorr   .            (no gloves)
SInv    .            (no boots)
Will    .....        m - amulet of reflection Stlth
                     t - +6 ring of strength
HPRegen 0.31/turn    (no ring)
MPRegen 0.11/turn

%: reflection
@: very slow
A: hooves 2, foul stench 2, powered by pain 1, weakness stinger 2
a: no special abilities


You were on level 6 of the Dungeon.
You visited 1 branch of the dungeon, and saw 6 of its levels.

You collected 247 gold pieces.

Inventory:

Hand Weapons
 a - a +1 rapier (weapon)
 x - a +1 spear of flaming
 D - the +1 battleaxe of Instant Death {venom, rF+ Will+ SInv}
   (You found it on level 4 of the Dungeon)

   rF+:       It protects you from fire.
   Will+:     It increases your willpower.
   SInv:      It lets you see invisible.
 F - a +0 dagger of draining
Missiles
 e - 6 javelins
 h - 11 poisoned darts (quivered)
 p - 7 boomerangs
 G - a curare-tipped dart
Armour
 b - a +0 leather armour
 c - a +0 helmet (worn)
 i - a +0 buckler (worn)
 o - a +0 plate armour
 A - a +0 chain mail (worn)
 E - a +0 cloak (worn)
Jewellery
 m - an amulet of reflection (around neck)
 n - a ring of wizardry
 t - a +6 ring of strength (left hand)
 y - an amulet of regeneration
Talismans
 l - a beast talisman
 v - a maw talisman
Wands
 s - a wand of charming (12)
 w - a wand of roots (4)
Scrolls
 d - a scroll of blinking {unknown}
 f - a scroll of fog
 r - a scroll of noise {unknown}
Potions
 g - 2 potions of lignification {unknown}
 j - a potion of might {unknown}
 k - 5 potions of curing
 q - a potion of attraction
 u - a potion of brilliance {unknown}
 z - a potion of magic {unknown}
 B - a potion of heal wounds {unknown}
 C - a potion of haste {unknown}


   Skills:
 * Level 4.6 Fighting
 + Level 5.9 Short Blades
 + Level 3.8 Throwing
 * Level 5.2 Armour
 + Level 4.1 Dodging
 + Level 2.0 Stealth
 * Level 5.0 Shields
 + Level 0.1 Evocations


You had 8 spell levels left.
You didn't know any spells.
Your spell library contained the following spells:

 Spells                   Type           Power      Damage    Failure   Level
 Lesser Beckoning         Tloc           0%         N/A       99%         2
 Gell's Gravitas          Tloc           0%         N/A       100%        3
 Teleport Other           Tloc           0%         N/A       100%        3


Dungeon Overview and Level Annotations

Branches:
Dungeon (6/15)
 Temple: D:4-7

Altars:
Ashenzari
Hepliaklqana
Makhleb
Sif Muna

Shops:
D:4 [   D:6 =

Annotations:
D:3 3 runed translucent doors, CougarLife's ghost, amateur OnGl


Innate Abilities, Weirdness & Mutations

You have hoof-like feet.
You sometimes emit foul miasma when damaged in melee.
You sometimes gain a little power by taking damage.
You have a tail ending in a sharp stinger.


Message History

The electric eel shoots out a bolt of lightning at you!
The bolt of electricity misses you. The bolt of electricity hits you.
The bolt of electricity hits the electric eel.
The electric eel completely resists.
You enter the shallow water.
Moving in this stuff is going to be slow.
The electric eel shoots out a bolt of lightning at you!
The bolt of electricity hits you. x2
The bolt of electricity hits the electric eel.
The electric eel completely resists.
You puncture the electric eel!
The electric eel is heavily wounded.
The electric eel shoots out a bolt of lightning at you!
The bolt of electricity hits you. x2
* * * LOW HITPOINT WARNING * * *
The bolt of electricity hits the electric eel.
The electric eel completely resists.
You hit the electric eel but do no damage.
Your kick misses the electric eel.
Your tail-slap misses the electric eel.
The electric eel is heavily wounded.
The electric eel shoots out a bolt of lightning at you!
The bolt of electricity hits you.
* * * LOW HITPOINT WARNING * * *
The bolt of electricity hits you.
* * * LOW HITPOINT WARNING * * *
The bolt of electricity hits the electric eel.
The electric eel completely resists.
You hit the electric eel. You tail-slap the electric eel.
The electric eel is severely wounded.
The electric eel shoots out a bolt of lightning at you!
The bolt of electricity misses you. The bolt of electricity hits you.
* * * LOW HITPOINT WARNING * * *
The bolt of electricity hits the electric eel.
The electric eel completely resists.
You hit the electric eel. Your kick misses the electric eel.
You tail-slap the electric eel.
The electric eel is almost dead.
The electric eel shoots out a bolt of lightning at you!
The bolt of electricity hits you!
You die...

###+#### . #......# # ...##
#.~~~~.# ###.....####
#.~~≈~.#
...........####.@S~≈.#
..............#.~≈≈~.# ...
.........#.~≈≈~.#
.######.##.##.#.~≈≈~.#
..............#.≈≈≈≈.# #
..#.###.......#.~≈≈~.# .. .
....##.....#.##.~≈≈~.#..... #
#.#......###..#.~≈≈~.#..#..##
.## #.#......#
##.#.~≈≈~.#.........##


You could see an electric eel.

Vanquished Creatures
  6 yaks (D:5)
  Eustachio (D:5)
  Duvessa (D:5)
  A black bear (D:5)
  2 ogres
  A phantom (D:4)
  A kobold brigand (D:6)
  A scorpion (D:6)
  Dowan (D:5)
  An electric eel (D:6)
  Crazy Yiuf (D:6)
  3 hounds
  A jelly (D:6)
  2 orc priests (D:6)
  A sleepcap (D:4)
  2 iguanas
  5 orc wizards
  8 gnolls
  6 adders
  A shadow imp (D:5)
  4 ufetubi (D:6)
  A ribbon worm (D:2)
  17 orcs
  5 bats
  3 endoplasms
  A giant cockroach (D:1)
  6 goblins
  2 hobgoblins
  2 jackals (D:2)
  6 quokkas
  7 ball pythons
  3 frilled lizards (D:1)
  10 kobolds
  3 rats
116 creatures vanquished.

Vanquished Creatures (others)
  A kobold (D:6)
1 creature vanquished.

Grand Total: 117 creatures vanquished

Notes
Turn   | Place    | Note
-------+----------+-------------------------------------------
     0 | D:1      | SmokeWeed the Demonspawn Gladiator began the quest for the
                  | Orb.
     0 | D:1      | Reached XP level 1. HP: 16/16 MP: 1/1
   231 | D:1      | Discovered your monstrous ancestry.
   231 | D:1      | Gained mutation: You have a small tail. [demonic ancestry]
   231 | D:1      | Reached XP level 2. HP: 16/22 MP: 2/2
   325 | D:1      | Found a faded altar of an unknown god.
  1252 | D:2      | Found a broken altar of Ashenzari.
  1334 | D:2      | Gained mutation: You have large cloven feet. [demonic
                  | ancestry]
  1334 | D:2      | Reached XP level 3. HP: 22/27 MP: 3/3
  2284 | D:3      | Reached skill level 1 in Armour
  2285 | D:3      | Gained mutation: You have hoof-like feet. [demonic
                  | ancestry]
  2285 | D:3      | Reached XP level 4. HP: 7/33 MP: 4/4
  2439 | D:3      | Found a runed translucent gate.
  2440 | D:3      | Found a runed translucent gate.
  2442 | D:3      | Found a runed translucent gate.
  2447 | D:3      | Noticed CougarLife's ghost (amateur OnGl)
  3130 | D:4      | Found Veutol's Armour Boutique.
  3339 | D:4      | Noticed a phantom
  3356 | D:4      | Killed a phantom
  3357 | D:4      | Reached skill level 1 in Stealth
  3357 | D:4      | Gained mutation: You have a tail ending in a sharp stinger.
                  | [demonic ancestry]
  3357 | D:4      | Reached XP level 5. HP: 33/39 MP: 5/5
  3443 | D:4      | Noticed an ogre
  3451 | D:4      | Killed an ogre
  3456 | D:4      | Reached XP level 6. HP: 44/46 MP: 6/6
  3637 | D:4      | Identified the +1 battleaxe of Instant Death {venom, rF+
                  | Will+ SInv}
  3694 | D:4      | Identified the +0 scale mail of Makhleb's Vengeance {rElec
                  | Dex-3 SInv}
  3825 | D:5      | Entered Level 5 of the Dungeon
  3881 | D:5      | Found a hazy altar of Hepliaklqana.
  4028 | D:5      | Found a burning altar of Makhleb.
  4028 | D:5      | Noticed a balrug
  4062 | D:5      | Reached skill level 1 in Shields
  4096 | D:5      | Noticed Dowan
  4100 | D:5      | Noticed Duvessa
  4103 | D:5      | Killed Dowan
  4104 | D:5      | Gained mutation: You may rarely emit foul miasma when
                  | damaged in melee. [demonic ancestry]
  4104 | D:5      | Reached XP level 7. HP: 42/52 MP: 7/7
  4110 | D:5      | Noticed a yak
  4112 | D:5      | Noticed a yak
  4266 | D:5      | Noticed a yak
  4266 | D:5      | Noticed a yak
  4309 | D:5      | Killed a yak
  4322 | D:5      | Noticed a yak
  4323 | D:5      | Noticed a yak
  4351 | D:5      | Killed a yak
  4356 | D:5      | Killed a yak
  4366 | D:5      | Killed a yak
  4367 | D:5      | Reached skill level 5 in Short Blades
  4367 | D:5      | Gained mutation: You sometimes gain a little power by
                  | taking damage. [demonic ancestry]
  4367 | D:5      | Reached XP level 8. HP: 54/60 MP: 8/8
  4640 | D:5      | Noticed Eustachio
  4650 | D:5      | HP: 2/60 [Duvessa/+0 rapier (12)]
  4934 | D:5      | Killed Eustachio
  4973 | D:5      | Killed Duvessa
  5261 | D:5      | Found a shimmering blue altar of Sif Muna.
  5736 | D:6      | Gained mutation: You sometimes emit foul miasma when
                  | damaged in melee. [demonic ancestry]
  5736 | D:6      | Reached XP level 9. HP: 43/66 MP: 9/9
  6045 | D:6      | Found Foto's Jewellery Emporium.
  6094 | D:6      | Found a runed translucent door.
  6095 | D:6      | Noticed Crazy Yiuf
  6101 | D:6      | Killed Crazy Yiuf
  6217 | D:6      | Reached skill level 5 in Armour
  6240 | D:6      | Reached skill level 5 in Shields
  6310 | D:6      | Killed from afar by an electric eel

Illustrated notes

Levels and vault maps discovered:
D:1:      minmay_arrival_nine_rooms, layout_basic,
          ebering_ecumenical_altar_sacrificial
D:2:      layout_basic, serial_forest, infiniplex_forest_end_1,
          infiniplex_forest_lined_2, infiniplex_forest_zigzag_2,
          infiniplex_forest_lined_3_way, infiniplex_forest_zigzag_1,
          infiniplex_forest_3_way, basic_altar, hangedman_decor_riveting
D:3:      layout_loops_corners, nicolae_overflow_crystal_walls,
          gammafunk_ghost_necromancy
D:4:      layout_rooms, serial_shops, nicolae_shop_statue_plus, grunt_tough_drop
D:5:      layout_loops_ring, kennysheep_orc_sif_temple,
          makhleb_altar_promises_db, mainiacjoe_overflow_large_starburst,
          uniq_eustachio, uniq_duvessa
D:6:      layout_basic, kennysheep_slug_shrine, minmay_temple_entry_butterflies,
          serial_shops, shop, nrook_pool_corridor, uniq_crazy_yiuf_cottage

Skill      XL: |  1  2  3  4  5  6  7  8  9 |
---------------+----------------------------+-----
Short Blades   | 3 4 5 |  5.9
Throwing       | 2 3 |  3.8
Dodging        | 3 4 |  4.1
Armour         | 1 2 3 4 5 |  5.2
Stealth        | 1 2 |  2.0
Shields        | 1 3 4 5 |  5.0
Fighting       | 3 4 |  4.6
Evocations     | |  0.1

Action                     |  1- 3 |  4- 6 |  7- 9 || total
---------------------------+-------+-------+-------++-------
  Melee: Rapier            |   115 |   122 |   182 ||   419
         Tailslap          |     7 |    15 |    39 ||    61
         Kick              |     9 |    33 |    62 ||   104
  Throw: Boomerang         |       |     4 |       ||     4
         Dart              |       |     9 |    11 ||    20
         Throwing net      |       |     1 |     4 ||     5
         Javelin           |       |       |    19 ||    19
  Evoke: Wand              |       |     1 |     2 ||     3
    Use: Scroll            |       |     7 |     6 ||    13
         Potion            |       |       |     1 ||     1
   Stab: Sleeping          |       |     1 |       ||     1
 Armour: Leather armour    |    74 |     2 |       ||    76
         Chain mail        |       |    48 |   114 ||   162
  Dodge: Dodged            |    65 |    40 |    61 ||   166
  Block: Buckler           |    18 |    54 |   100 ||   172
         Reflection        |       |       |     6 ||     6

Table legend: (Time is in decaauts)
 A = Elapsed time spent in this place.
 B = Non-inter-level travel time spent in this place.
 C = Inter-level travel time spent in this place.
 D = Time resting spent in this place.
 E = Time spent auto-exploring this place.
 F = Levels seen in this place.
 G = Mean time per level.
                   A        B        C        D        E       F      G
               +--------+--------+--------+--------+--------+-----+--------+
         Total |   6331 |   6071 |    260 |    744 |   3910 |   6 | 1055.2 |
       Dungeon |   6331 |   6071 |    260 |    744 |   3910 |   6 | 1055.2 |
               +--------+--------+--------+--------+--------+-----+--------+

Top non-repeatable levels by time:
     D:5: 1553 daAuts
     D:3: 1160 daAuts
     D:2: 1031 daAuts
     D:4: 967 daAuts
     D:1: 927 daAuts
     D:6: 691 daAuts
